 Dungeon Crawl Stone Soup version 0.22-a0-525-gf69a080 (webtiles) character file.

31 iamserjio the Insei (level 3, -2/18 HPs)
             Began as a Vine Stalker Skald on June 21, 2018.
             Slain by a worker ant (5 damage)
             ... on level 3 of the Dungeon.
             The game lasted 00:03:22 (413 turns).

iamserjio the Insei (Vine Stalker Skald)             Turns: 413, Time: 00:03:24

Health: -2/18      AC:  4    Str: 13    XL:     3   Next: 22%
Magic:  0/7        EV: 11    Int: 14    God:
Gold:   30         SH:  0    Dex: 13    Spells: 3/6 levels left

rFire    . . .     SeeInvis .     - Unarmed
rCold    . . .     Gourm    .   (no shield)
rNeg     . . .     Faith    .   a - +0 leather armour
rPois    .         Spirit   +   (no helmet)
rElec    .         Reflect  .   (no cloak)
rCorr    .         Harm     .   (no gloves)
MR       .....                  f - +0 pair of boots
Stlth    +.........             (no amulet)
HPRegen  0.06/turn              (no ring)
MPRegen  0.10/turn              (no ring)

@: no status effects
A: fangs 2, magic shield, antimagic bite, no potion heal 3, rot immunity
a: no special abilities


You were on level 3 of the Dungeon.
You were not hungry.

You visited 1 branch of the dungeon, and saw 4 of its levels.

You collected 30 gold pieces.

Inventory:

Missiles
 d - 34 stones (quivered)
Armour
 a - a +0 leather armour (worn)
 f - a +0 pair of boots (worn)
Scrolls
 b - a scroll of magic mapping {unknown}
 e - a scroll of enchant weapon {unknown}
 i - a scroll of fear {unknown}
 k - a scroll of teleportation {unknown}
Potions
 g - 2 potions of agility {unknown}
 h - a potion of degeneration {unknown}
 j - 2 potions of berserk rage {unknown}
Comestibles
 c - a ration


   Skills:
 + Level 2.3 Fighting
 - Level 0.7 Armour
 - Level 1.5 Dodging
 * Level 3.1 Unarmed Combat
 - Level 2.1 Spellcasting
 - Level 3.0 Charms


You had 3 spell levels left.
You knew the following spells:

 Your Spells              Type           Power        Failure   Level  Hunger
a - Infusion              Chrm           #...         9%          1    #......
b - Song of Slaying       Chrm           #.......     13%         2    ###....

Your spell library contained the following spells:

 Spells                   Type           Power        Failure   Level  Hunger
 Regeneration             Chrm/Necr      #.........   43%         3    ###....
 Shroud of Golubria       Chrm/Tloc      #.........   24%         2    ###....
 Spectral Weapon          Hex/Chrm       #.......     43%         3    ###....


Dungeon Overview and Level Annotations

Branches:
Dungeon (4/15)
 Temple: D:4-7

Altars:
Qazlal


Innate Abilities, Weirdness & Mutations

You have extremely sharp teeth.
When hurt, damage is shared between your health and your magic reserves.
Your bite disrupts and absorbs the magic of your enemies.
Potions cannot restore your health.
You are immune to rotting.


Message History

Found a robe.
You hit the worker ant.
The worker ant is lightly wounded.
The worker ant bites you.
* * * LOW HITPOINT WARNING * * *
You hit the worker ant.
You bite the worker ant, but do no damage.
The worker ant is moderately wounded.
The worker ant closely misses you.
You aren't carrying any items that you can evoke.
Unknown command.
You hit the worker ant but do no damage.
Your bite misses the worker ant.
The worker ant is lightly wounded.
You are no longer magically infusing your attacks.
The worker ant barely misses you. The worker ant closely misses you.
You hit the worker ant but do no damage.
The worker ant is lightly wounded.
The worker ant bites you.
You die...

#... ## ## .# #.##
#.. .. [.. ... ..
.... #.##.##...#
#.##.....#.
#.##..#....
#.####.##..#..#
#.....oa@..(..# ..
#..###g##..#.## #.
#..###.##..#.###.#
##
#.....<......>^..#
............#..####
###.######.##..# #
#.##.... #.###.###
..# #..


You could see a worker ant, an orc and a goblin.

Vanquished Creatures
  An adder (D:4)
  2 leopard geckos (D:4)
  A ball python (D:2)
  2 goblins (D:1)
  3 hobgoblins (D:1)
  2 jackals (D:1)
  2 kobolds (D:2)
  2 frilled lizards
  5 rats
20 creatures vanquished.

Notes
Turn   | Place    | Note
-------+----------+-------------------------------------------
     0 | D:1      | iamserjio the Vine Stalker Skald began the quest for the Orb.
     0 | D:1      | Reached XP level 1. HP: 11/11 MP: 4/4
    72 | D:1      | Reached XP level 2. HP: 7/15 MP: 0/6
   111 | D:2      | Learned a level 2 spell: Song of Slaying
   130 | D:2      | Found a stormy altar of Qazlal.
   347 | D:3      | You fall through a shaft!
   393 | D:4      | Reached XP level 3. HP: 5/18 MP: 1/7
   413 | D:3      | Slain by a worker ant

Vault maps used:
D:1:      evilmike_arrival_hilbert_curve
D:2:      grunt_qazlal_sundering
D:3:      feat_on_display
D:4:      nemelex_altar_shiori, overflow_temple_1_default,
          gammafunk_temple_overflow_elements, first_ration, uniq_blork_the_orc

Skill      XL: |  1  2 |
---------------+-------+-----
Fighting       | 2 |  2.3
Unarmed Combat | 3 |  3.1
Armour         | |  0.7
Dodging        | |  1.5
Spellcasting   | |  2.1
Charms         | |  3.0

Action                   || total
-------------------------++-------
Melee: Unarmed           ||    80
       Bite              ||    18
 Cast: Infusion          ||     3
Armor: Leather armour    ||    21
Dodge: Dodged            ||    53

Table legend:
 A = Spawn XP
 B = Non-spawn XP
 C = Spawn XP percentage of total XP
 D = Spawn monster count
 E = Non-spawn monster count
 F = Spawn count percentage of total count
 G = Total turns spent on level
                    A         B        C        D         E        F      G
               +---------+---------+-------+---------+---------+-------+---------
         Total |       0 |      45 |   0.0 |       0 |      20 |   0.0 |   413
               +---------+---------+-------+---------+---------+-------+---------
           D:1 |       0 |      18 |   0.0 |       0 |      11 |   0.0 |   107
           D:2 |       0 |       7 |   0.0 |       0 |       5 |   0.0 |   135
           D:3 |       0 |       1 |   0.0 |       0 |       1 |   0.0 |   119
           D:4 |       0 |      19 |   0.0 |       0 |       3 |   0.0 |    52
               +---------+---------+-------+---------+---------+-------+---------
